 Dungeon Crawl Stone Soup version 0.31-a0-222-gefeffbb62a (webtiles) character file.

Game seed: 3941849558354976025

11120 8bitpickle the Geomancer (level 11, -22/63 HPs)
             Began as a Gargoyle Earth Elementalist on July 6, 2023.
             Was an Initiate of Gozag.
             Annihilated by Donald
             ... wielding a +5 demon trident of freezing
              (34 damage)
             ... on level 1 of the Orcish Mines.
             The game lasted 00:28:13 (13952 turns).

8bitpickle the Geomancer (GrEE)                    Turns: 13952, Time: 00:28:14

Health: -22/63     AC: 18    Str: 12    XL:     11   Next: 72%
Magic:  20/20      EV: 12    Int: 26    God:    Gozag
Gold:   745        SH:  0    Dex: 10    Spells: 11/22 levels left

rFire   . . .        i - +2 dagger (venom)
rCold   . . .        (no shield)
rNeg    + . .        a - +0 robe
rPois   ∞            u - +2 helmet
rElec   +            k - +0 cloak
rCorr   .            (no gloves)
SInv    .            h - +2 pair of boots
Will    .....        (no amulet)
Stlth   ++           w - ring of wizardry
HPRegen 0.30/turn    n - +6 ring of intelligence
MPRegen 0.17/turn

%: wizardry (x1)
@: no status effects
A: sickness immunity, AC +8, negative energy resistance 1, electricity
resistance, torment resistance 1, petrification resistance
a: Renounce Religion, Potion Petition, Call Merchant, Bribe Branch


You were on level 1 of the Orcish Mines.
You worshipped Gozag.
Gozag was pleased with you.
You visited 3 branches of the dungeon, and saw 13 of its levels.
You also visited: Sewer.

You collected 2716 gold pieces.
You spent 1290 gold pieces at shops.
You paid 681 gold pieces to Gozag.

Inventory:

Hand Weapons
 i - a +2 dagger of venom (weapon)
Armour
 a - a +0 robe (worn)
 h - a +2 pair of boots (worn)
 k - a +0 cloak (worn)
 u - a +2 helmet (worn)
 J - a +0 buckler
Jewellery
 c - a ring of positive energy
 m - the ring "Kudiff" {Will+ Str+6 Stlth+}
   (You found it on level 2 of the Dungeon)

   [ring of strength]

   Str:       It affects your strength (+6).
   Will:      It increases your willpower.
   Stlth:     It makes you more stealthy.
 n - a +6 ring of intelligence (right hand)
 w - a ring of wizardry (left hand)
Wands
 q - a wand of flame (21)
 F - a wand of digging (8)
 I - a wand of polymorph (5)
Scrolls
 d - 4 scrolls of immolation
 g - 4 scrolls of teleportation
 x - a scroll of blinking {unknown}
 y - a scroll of enchant weapon {unknown}
 C - a scroll of amnesia {unknown}
 D - a scroll of fear {unknown}
Potions
 b - a potion of magic
 e - a potion of ambrosia {unknown}
 j - a potion of attraction {unknown}
 l - 2 potions of haste
 o - 4 potions of brilliance
 r - 5 potions of berserk rage
 s - 2 potions of might {unknown}
 t - 2 potions of resistance {unknown}
 v - a potion of cancellation {unknown}
 z - 2 potions of enlightenment {unknown}
 A - 2 potions of invisibility {unknown}
 B - 5 potions of heal wounds {unknown}


   Skills:
 - Level 5.0 Fighting
 + Level 0.1 Staves
 - Level 6.0 Armour
 + Level 2.0 Dodging
 + Level 3.0 Stealth
 + Level 1.0 Shields
 + Level 6.1 Spellcasting
 + Level 3.0 Conjurations
 + Level 0.1 Summonings
 + Level 3.0 Translocations
 + Level 3.0 Transmutations
 + Level 4.8 Fire Magic
 + Level 4.7 Ice Magic
 + Level 3.0 Air Magic
 + Level 10.6 Earth Magic
 + Level 8.0 Poison Magic
 + Level 0.1 Evocations


You had 11 spell levels left.
You knew the following spells:

 Your Spells              Type           Power      Damage    Failure   Level
a - Sandblast             Erth           100%       2d20      1%          1
d - Stone Arrow           Conj/Erth      86%        3d12      1%          3
i - Ignite Poison         Fire/Tmut/Pois 35%        N/A       1%          3
o - Olgreb's Toxic Radia  Pois           49%        N/A       1%          4

Your spell library contained the following spells:

 Spells                   Type           Power      Damage    Failure   Level
 Sting                    Tmut/Pois      100%       1d8       1%          1
 Blink                    Tloc           46%        N/A       1%          2
 Lesser Beckoning         Tloc           46%        N/A       1%          2
 Momentum Strike          Conj/Tloc      46%        3d9       1%          2
 Passwall                 Tmut/Erth      35%        N/A       1%          2
 Poisonous Vapours        Pois/Air       72%        N/A       1%          2
 Static Discharge         Conj/Air       46%        2-4/arc   1%          2
 Petrify                  Tmut/Erth      43%        N/A       1%          4
 Sticky Flame             Conj/Fire      28%        2d5       6%          4
 Airstrike                Air            11%        2d(2-18)  9%          4
 Summon Lightning Spire   Summ/Air       16%        N/A       14%         4
 Ozocubu's Refrigeration  Ice            16%        4d11      96%         7
 Haunt                    Necr/Summ      4%         N/A       100%        7
 Ignition                 Fire           16%        3d6       100%        8
 Chain Lightning          Conj/Air       11%        3d15      100%        9
 Fire Storm               Conj/Fire      14%        8d4       100%        9
 Shatter                  Erth           29%        3d24*     100%        9


Dungeon Overview and Level Annotations

Branches:
Dungeon (10/15)            Temple (1/1) D:4            Lair (0/5) D:10
    Orc (2/2) D:10          Sewer (visited)
    Elf: Orc:2

Altars:
Ashenzari
Cheibriados
Dithmenos
Elyvilon
Fedhas
Gozag
Hepliaklqana
Kikubaaqudgha
Makhleb
Nemelex Xobeh
Okawaru
Qazlal
Ru
Sif Muna
Trog
Uskayaw
Vehumet
Wu Jian
Xom
Yredelemnul
Zin
The Shining One

Shops:
D:7 :

Annotations:
D:5 1 runed translucent door, exclusion: door, Crazy Yiuf
Orc:1 Donald


Innate Abilities, Weirdness & Mutations

You are immune to sickness and miasma.
Your stone body is resilient. (AC +8)
You are immune to poison.
You resist negative energy. (rN+)
You are resistant to electric shocks. (rElec)
You are resistant to unholy torment.
You are immune to petrification.


Message History

You climb downwards.
Donald shouts!
The troll shouts!
You hear a shout! x2
Found 28 gold pieces.
There is a stone staircase leading up here.
Donald hits you with a +5 demon trident of freezing!!
Donald freezes you.
You climb upwards.
You feel a wave of frost pass over you.
There is an entrance to an ice cave on this level.
Hurry and find it before the portal melts!
There is a stone staircase leading down here.
The air fills with toxic fumes!
As you read the scroll of poison, it crumbles to dust.
Donald mumbles some strange words.
Donald seems to speed up.
Donald hits you from afar with a +5 demon trident of freezing!!
* * * LOW HITPOINT WARNING * * *
Donald freezes you.
* * * LOW HITPOINT WARNING * * *
Donald hits you from afar with a +5 demon trident of freezing!
* * * LOW HITPOINT WARNING * * *
Donald freezes you.
* * * LOW HITPOINT WARNING * * *
Okay, then.
As you read the scroll of fog, it dissolves into smoke.
Donald is engulfed in poison gas.
Donald is poisoned.
Donald closely misses you.
Donald looks even sicker.
Donald closely misses you.
Donald is engulfed in poison gas.
Donald looks even sicker.
Donald is engulfed in poison gas.
Donald looks as sick as possible!
Donald is engulfed in poison gas.
Donald looks as sick as possible!
Donald closely misses you.
Donald is engulfed in poison gas.
Donald looks as sick as possible!
Donald says, "I asked for directions to the rune, but they belched at me."
Donald is engulfed in poison gas.
Donald looks as sick as possible!
Donald gestures wildly while chanting.
Donald seems to grow stronger.
Donald looks as sick as possible!
Donald is engulfed in poison gas.
Donald looks as sick as possible!
Donald hits you from afar with a +5 demon trident of freezing!!
Ouch! That really hurt!
You die...
Your body crumbles into a pile of gold.

###.####...# ### ##.....###.##
##.## #.......#...# #...#
##.#.#.#...## ###...##
###......<.## ##......#
##...........## #....#.##
#.............####..####
##............##.##..###
###...#..§○§§.@§☼§☼°.☼.####
##.##..#..§§§☼§.§§○§...☼.#.##
#...#...........#@○○..§.#...#
##.###...^☼§☼§○..§☼.........#
#....##...§§§§.§.§°#........#
##........§☼§.§☼.§#........##
###.#....§§.○°§.§§.§.§....#
####.....§.☼§○§.>§)...°...##
##.#........................##


You could see Donald (fast, strong, extremely poisoned, reflecting).

Vanquished Creatures
  Pikel (D:6)
  3 centaur zombies (D:10)
  A gargoyle (D:10)
  A kobold demonologist (D:9)
  A troll (D:9)
  2 hornets (D:10)
  Grinder (D:3)
  Prince Ribbit (D:5)
  2 shadows (D:10)
  A steam dragon (D:6)
  10 yaks
  Eustachio (D:6)
  A wyvern (D:8)
  A vampire mosquito (D:6)
  A warg (Orc:1)
  Menkaure (D:6)
  A two-headed ogre zombie (D:10)
  An acid dragon (D:9)
  3 water moccasins
  7 orc warriors
  A black bear (D:7)
  4 ice beasts
  2 ogres
  3 centaurs
  4 phantoms
  3 kobold brigands
  6 bullfrogs
  2 gnoll sergeants (D:9)
  A necrophage (D:10)
  5 scorpions
  3 troll zombies (D:10)
  11 wights
  8 killer bees
  4 electric eels (D:10)
  A howler monkey (D:6)
  3 hounds
  A human zombie (D:10)
  4 jellies
  2 orc priests
  3 iguanas
  Ijyb (D:5)
  10 orc wizards
  A sleepcap (D:6)
  Natasha (thrice) (D:3)
  4 ogre zombies (D:10)
  4 mummies (D:10)
  A howler monkey zombie (D:10)
  7 adders
  6 gnolls
  5 river rats (Sewer)
  3 white imps
  An ufetubus (D:6)
  A worm (D:2)
  3 dart slugs
  30 orcs
  6 ball pythons
  5 bats
  9 endoplasms
  6 giant cockroaches
  9 goblins
  3 hobgoblins
  36 kobolds
  5 quokkas
  A frilled lizard (D:1)
  A goblin skeleton (D:10)
  4 goblin zombies (D:10)
  2 hobgoblin skeletons (D:10)
  3 hobgoblin zombies (D:10)
  5 orc skeletons (D:10)
  10 orc zombies (D:10)
  18 rats
315 creatures vanquished.

Notes
Turn   | Place    | Note
-------+----------+-------------------------------------------
     0 | D:1      | 8bitpickle the Gargoyle Earth Elementalist began the quest
                  | for the Orb.
     0 | D:1      | Reached XP level 1. HP: 10/10 MP: 3/3
   312 | D:1      | Reached skill level 1 in Transmutations
   312 | D:1      | Reached XP level 2. HP: 15/15 MP: 3/5
   463 | D:1      | Found a faded altar of an unknown god.
  1354 | D:2      | Reached XP level 3. HP: 19/19 MP: 3/6
  1752 | D:2      | Identified the ring "Kudiff" {Will+ Str+6 Stlth+}
  1953 | D:3      | Reached skill level 4 in Earth Magic
  2192 | D:3      | Noticed Natasha
  2206 | D:3      | Killed Natasha
  2207 | D:3      | Reached XP level 4. HP: 24/24 MP: 3/7
  2299 | D:3      | Noticed Natasha
  2302 | D:3      | Killed Natasha
  2303 | D:3      | Reached skill level 1 in Armour
  2303 | D:3      | Reached skill level 1 in Poison Magic
  2337 | D:3      | Reached XP level 5. HP: 28/28 MP: 2/8
  2404 | D:3      | Noticed Natasha
  2410 | D:3      | Noticed Grinder
  2592 | D:3      | Killed Natasha
  2593 | D:3      | Reached skill level 1 in Fighting
  2593 | D:3      | Reached skill level 1 in Shields
  2752 | D:3      | Killed Grinder
  2753 | D:3      | Reached XP level 6. HP: 35/35 MP: 7/10
  2797 | D:3      | Identified the +0 whip of Abomination {drain, Fly Stlth+}
  2917 | D:3      | Learned a level 3 spell: Stone Arrow
  3013 | D:4      | Reached skill level 5 in Earth Magic
  3269 | D:4      | Reached XP level 7. HP: 40/40 MP: 8/12
  3376 | D:4      | Found a staircase to the Ecumenical Temple.
  3417 | Temple   | Entered the Ecumenical Temple
  3718 | Temple   | Became a worshipper of Gozag Ym Sagoz the Greedy
  4380 | D:5      | Entered Level 5 of the Dungeon
  4581 | D:5      | Found a glowing drain.
  4641 | Sewer    | Entered a sewer
  4751 | Sewer    | Learned a level 4 spell: Olgreb's Toxic Radiance
  5574 | D:5      | Reached XP level 8. HP: 46/46 MP: 10/14
  5715 | D:5      | Reached skill level 6 in Earth Magic
  5821 | D:5      | Noticed Prince Ribbit
  5829 | D:5      | Killed Prince Ribbit
  5947 | D:5      | Noticed Ijyb
  5958 | D:5      | Killed Ijyb
  6277 | D:5      | Found a runed translucent door.
  6278 | D:5      | Noticed Crazy Yiuf
  6646 | D:6      | Noticed Eustachio
  6999 | D:6      | Killed Eustachio
  7006 | D:6      | Reached skill level 1 in Conjurations
  7006 | D:6      | Reached XP level 9. HP: 34/52 MP: 0/16
  7026 | D:6      | Reached skill level 1 in Fire Magic
  7026 | D:6      | Reached skill level 1 in Ice Magic
  7029 | D:6      | Reached skill level 1 in Translocations
  7119 | D:6      | Noticed Pikel
  7126 | D:6      | Killed Pikel
  7127 | D:6      | Reached skill level 1 in Air Magic
  7241 | D:6      | Reached skill level 5 in Fighting
  7241 | D:6      | Reached skill level 5 in Armour
  7241 | D:6      | Reached skill level 5 in Spellcasting
  7353 | D:6      | Reached skill level 7 in Earth Magic
  7417 | D:6      | Noticed Menkaure
  7432 | D:6      | Killed Menkaure
  7438 | D:6      | Identified a scroll of acquirement
  7438 | D:6      | Acquired a book of Annihilations
  8129 | D:6      | Reached skill level 5 in Poison Magic
  8129 | D:6      | Reached XP level 10. HP: 27/59 MP: 11/17
  8952 | D:7      | Found a broken altar of Ashenzari.
  9551 | D:8      | Reached skill level 8 in Earth Magic
  9572 | D:8      | You fall into a shaft and drop 1 floor!
  9706 | D:9      | Reached skill level 9 in Earth Magic
 10563 | D:7      | Bought an Everburning Encyclopedia for 540 gold pieces
 10567 | D:7      | Learned a level 3 spell: Ignite Poison
 10598 | D:9      | Reached XP level 11. HP: 38/63 MP: 10/18
 10863 | D:9      | Found a shadowy altar of Dithmenos.
 10863 | D:9      | Found a blossoming altar of Fedhas.
 10864 | D:9      | Found an iron altar of Okawaru.
 10921 | D:9      | Noticed a sixfirhy
 11107 | D:9      | Found a glowing golden altar of the Shining One.
 11378 | D:10     | Entered Level 10 of the Dungeon
 11806 | D:10     | Found a staircase to the Lair.
 11847 | D:10     | Reached skill level 10 in Earth Magic
 12325 | D:10     | Found a staircase to the Orcish Mines.
 12834 | D:10     | Noticed a green ugly thing
 12838 | D:10     | Noticed a tengu warrior
 12855 | D:10     | Noticed a death knight
 12855 | D:10     | Noticed a centaur warrior
 12896 | D:10     | Noticed a catoblepas
 12896 | D:10     | Noticed a wizard
 12897 | D:10     | Noticed a fire crab
 12897 | D:10     | Noticed a six-headed hydra
 13286 | D:10     | Found a basalt altar of Yredelemnul.
 13442 | D:10     | Noticed an orb spider
 13567 | D:7      | Bought a book of Spatial Translocations for 270 gold pieces
 13567 | D:7      | Bought Spellwork, Part Seven for 480 gold pieces
 13666 | Orc:1    | Entered Level 1 of the Orcish Mines
 13940 | Orc:2    | Entered Level 2 of the Orcish Mines
 13940 | Orc:2    | Noticed Donald
 13952 | Orc:1    | Annihilated by Donald

Illustrated notes

Levels and vault maps discovered:
D:1:      nzn_arrival_settlement, layout_loops_corners, basic_ecumenical_altar,
          item_on_display_a
D:2:      layout_basic
D:3:      layout_rooms, minivault_14, kennysheep_generic_room_12, uniq_natasha,
          uniq_grinder
D:4:      layout_loops_corners, temple_hall
D:5:      layout_loops_ring, portal_sewer_entry_f, uniq_prince_ribbit1,
          uniq_crazy_yiuf_cottage, uniq_ijyb
D:6:      minmay_opposing_rooms, layout_loops_ring, uniq_pikel, uniq_eustachio,
          uniq_menkaure
D:7:      layout_basic, nicolae_ashenzari_panopticon
D:8:      layout_basic, nicolae_houndstooth_variations
D:9:      layout_basic, gammafunk_temple_overflow_claw,
          nicolae_tso_swordbearing_angel, nicolae_fountain_basement
D:10:     layout_big_octagon, lemuel_mausoleum_altar_yredelemnul,
          zombieorc2_lemuel, minivault_12
Temple:   minmay_temple_bridge_d
Orc:1:    layout_caves, portal_ice_cave_entry_imps
Orc:2:    st_orc_congregation, layout_caves, uniq_josephine, uniq_donald

Skill      XL: |  1  2  3  4  5  6  7  8  9 10 11 |
---------------+----------------------------------+-----
Transmutations | 1 2 3 |  3.0
Earth Magic    | 4 5 6 7 9 10 | 10.6
Dodging        | 2 |  2.0
Armour         | 1 2 3 4 5 6 |  6.0
Poison Magic   | 1 2 3 4 5 7 8 |  8.0
Stealth        | 3 |  3.0
Fighting       | 2 3 4 5 |  5.0
Shields        | 1 |  1.0
Spellcasting   | 3 4 5 6 |  6.1
Conjurations   | 1 2 3 |  3.0
Fire Magic     | 2 3 4 |  4.8
Ice Magic      | 2 3 4 |  4.7
Translocations | 2 3 |  3.0
Air Magic      | 2 3 |  3.0
Staves         | |  0.1
Summonings     | |  0.1
Evocations     | |  0.1

Action                     |  1- 3 |  4- 6 |  7- 9 | 10-12 || total
---------------------------+-------+-------+-------+-------++-------
  Melee: Dagger            |       |       |    35 |    21 ||    56
         Punch             |       |       |     1 |     1 ||     2
   Cast: Sandblast         |    61 |    32 |   153 |   188 ||   434
         Olgreb's Toxic Ra |       |       |    16 |    16 ||    32
         Stone Arrow       |       |       |    13 |    14 ||    27
         Ignite Poison     |       |       |       |    10 ||    10
 Invoke: Call Merchant     |       |       |       |     1 ||     1
  Evoke: Wand              |       |     7 |     4 |     1 ||    12
    Use: Scroll            |     3 |       |     8 |     9 ||    20
         Potion            |       |       |     4 |     1 ||     5
 Armour: Robe              |     6 |       |    46 |    88 ||   140
  Dodge: Dodged            |    15 |     5 |    95 |   113 ||   228

Table legend: (Time is in decaauts)
 A = Elapsed time spent in this place.
 B = Non-inter-level travel time spent in this place.
 C = Inter-level travel time spent in this place.
 D = Time resting spent in this place.
 E = Time spent auto-exploring this place.
 F = Levels seen in this place.
 G = Mean time per level.
                   A        B        C        D        E       F      G
               +--------+--------+--------+--------+--------+-----+--------+
         Total |  14204 |  13306 |    898 |   1419 |   9905 |  14 | 1014.6 |
       Dungeon |  12610 |  11874 |    736 |   1419 |   8723 |  10 | 1261.0 |
        Temple |    374 |    225 |    149 |      0 |    214 |   1 |  374.0 |
  Orcish Mines |    287 |    274 |     13 |      0 |    240 |   2 |  143.5 |
         Sewer |    931 |    931 |      0 |      0 |    727 |   1 |  931.0 |
               +--------+--------+--------+--------+--------+-----+--------+

Top non-repeatable levels by time:
     D:5: 1748 daAuts
     D:9: 1729 daAuts
    D:10: 1650 daAuts
     D:6: 1559 daAuts
     D:1: 1134 daAuts
     D:4: 1084 daAuts
     D:8: 1048 daAuts
     D:3: 1017 daAuts
   Sewer: 931 daAuts
     D:2: 819 daAuts
     D:7: 819 daAuts
  Temple: 374 daAuts
   Orc:1: 285 daAuts
   Orc:2: 1 daAuts
